 Dungeon Crawl Stone Soup version 0.30.1-4-g462c640d31 (webtiles) character file.

Game seed: 7576678260513718629

127 Zeor the Slasher (level 4, 0/37 HPs)
             Began as a Draconian Reaver on Sept 11, 2023.
             Slain by a hound (3 damage)
             ... on level 3 of the Dungeon.
             The game lasted 00:06:08 (2107 turns).

Zeor the Slasher (Draconian Reaver)                 Turns: 2107, Time: 00:06:09

Health: 0/37       AC:  5    Str: 11 (14) XL:     4   Next: 85%
Magic:  0/7        EV: 12    Int: 13 (15) God:
Gold:   64         SH:  0    Dex:  7 (10) Spells: 2/8 levels left

rFire   . . .        a - +0 falchion (flame)
rCold   . . .        (no shield)
rNeg    . . .        (body armour unavailable)
rPois   .            (helmet restricted)
rElec   .            (no cloak)
rCorr   .            (no gloves)
SInv    .            (no boots)
Will    .....        (no amulet)
Stlth   +            (no ring)
HPRegen 0.26/turn    (no ring)
MPRegen 0.10/turn

%: no passive effects
@: mighty
A: AC +5, unfitting armour, cold-blooded, stinger 1, MP-powered wands
a: no special abilities


You were on level 3 of the Dungeon.
You visited 1 branch of the dungeon, and saw 3 of its levels.

You collected 64 gold pieces.

Inventory:

Hand Weapons
 a - a +0 falchion of flaming (weapon)
Missiles
 g - 5 poisoned darts
Scrolls
 c - 4 scrolls of teleportation
Potions
 b - a potion of flight


   Skills:
 + Level 2.5 Fighting
 * Level 4.0 Long Blades
 * Level 2.6 Dodging
 + Level 0.1 Stealth
 * Level 2.5 Spellcasting
 * Level 3.7 Conjurations
 + Level 0.1 Translocations


You had 2 spell levels left.
You knew the following spells:

 Your Spells              Type           Power      Damage    Failure   Level
h - Hailstorm             Conj/Ice       6%         3d4       34%         3
k - Kiss of Death         Conj/Necr      24%        2d7       12%         1
s - Momentum Strike       Conj/Tloc      12%        3d8       17%         2

Your spell library contained the following spells:

 Spells                   Type           Power      Damage    Failure   Level


Dungeon Overview and Level Annotations

Branches:
Dungeon (3/15)

Altars:

Shops:
D:1 *   D:2 *


Innate Abilities, Weirdness & Mutations

Your plain brown scales are hard. (AC +5)
You cannot fit into any form of body armour.
You are cold-blooded and may be slowed by cold attacks.
Your tail ends in a venomous barb.
You expend magic power (3 MP) to strengthen your wands.


Message History

It was a potion of mutation.
You feel extremely strange.
A venomous barb forms on the end of your tail.
You feel your magical essence link to the dungeon's wands.
The gnoll hits you but does no damage.
It was a potion of degeneration.
There was something very wrong with that liquid.
You feel weakened.
You feel dopey.
You feel clumsy. The gnoll completely misses you. The gnoll barely misses you.
You feel less wooden.
The gnoll hits you from afar with a +0 spear.
The gnoll closely misses you. The gnoll closely misses you.
The gnoll hits you from afar with a +0 spear.
The gnoll hits you from afar with a +0 spear.
You feel better.
The gnoll hits you from afar with a +0 spear!
The gnoll hits you from afar with a +0 spear.
* * * LOW HITPOINT WARNING * * *
The gnoll closely misses you. The gnoll barely misses you.
Casting: Hailstorm (quite dangerous; 34% risk of failure)
Confirm with . or Enter, or press ? or * to list all spells.
Aiming: Momentum Strike (safe; 17% risk of failure)
Press: ? - help, Dir - move target, f - gnoll
Aim: a gnoll, wielding a +0 spear (72% to hit)
The concentrated momentum misses the gnoll.
The gnoll hits you from afar with a +0 spear.
* * * LOW HITPOINT WARNING * * *
The hound stops to sniff the ground.
The gnoll barely misses you. The hound bites you.
* * * LOW HITPOINT WARNING * * *
The gnoll hits you from afar with a +0 spear.
* * * LOW HITPOINT WARNING * * *
The hound barely misses you. x2
The gnoll hits you from afar with a +0 spear.
* * * LOW HITPOINT WARNING * * *
The hound bites you.
You die... ∙▒∙∙∙∙∙∙∙∙)∙∙∙∙∙ ∙∙∙∙∙∙∙∙∙∙∙∙∙∙∙∙ ∙∙∙∙∙∙∙†∙▒ ∙∙∙∙∙▒∙∙∙▒ ∙∙∙ ▒∙∙∙▒∙∙▒▒▒ ∙ ▒∙∙∙▒ ∙∙∙∙

▒∙g∙▒ ∙∙∙
▒▒▒▒h▒▒▒ ∙∙∙
▒∙▒▒d▒ ▒∙▒ ▒
▒∙▒▒∙▒ ▒∙▒
▒∙▒∙▒▒∙▒▒▒▒▒∙▒
▒∙▒∙▒▒∙∙∙∙∙∙∙▒
▒∙∙∙∙∙∙∙▒▒▒▒∙▒
▒▒▒∙▒▒▒∙▒ ▒<▒
▒∙▒ ▒∙▒ ▒▒▒
▒∙▒ ▒∙▒ ▒∙∙
∙∙▒


You could see a hound and a gnoll.

Vanquished Creatures
  Jessica (D:2)
  3 gnolls (D:3)
  3 adders (D:2)
  A worm (D:2)
  2 dart slugs
  6 bats
  5 endoplasms
  2 giant cockroaches
  4 goblins
  3 hobgoblins
  3 kobolds (D:2)
  3 ball pythons
  A frilled lizard (D:2)
  5 rats
42 creatures vanquished.

Notes
Turn   | Place    | Note
-------+----------+-------------------------------------------
     0 | D:1      | Zeor the Draconian Reaver began the quest for the Orb.
     0 | D:1      | Reached XP level 1. HP: 17/17 MP: 3/3
   200 | D:1      | Reached XP level 2. HP: 24/24 MP: 5/5
   346 | D:1      | Found Riowkono's General Store.
   873 | D:2      | Reached XP level 3. HP: 28/30 MP: 6/6
   894 | D:2      | Learned a level 2 spell: Momentum Strike
   898 | D:2      | Learned a level 3 spell: Hailstorm
  1567 | D:2      | Found Liompum's General Store.
  1588 | D:2      | Reached XP level 4. HP: 34/37 MP: 7/7
  1747 | D:2      | Noticed Jessica
  1751 | D:2      | Killed Jessica
  2089 | D:3      | Reached skill level 4 in Long Blades
  2091 | D:3      | Gained mutation: Your tail ends in a venomous barb. [potion
                  | of mutation]
  2091 | D:3      | Gained mutation: You expend magic power (3 MP) to
                  | strengthen your wands. [potion of mutation]
  2107 | D:3      | Slain by a hound

Illustrated notes

Levels and vault maps discovered:
D:1:      lemuel_arrival_cross, layout_loops_ring, serial_shops, shop
D:2:      layout_loops_corners, serial_shops, shop_statue, minmay_tromino_v4_a,
          uniq_jessica
D:3:      layout_basic, fedhas_altar_3, mainiacjoe_overflow_surrounded_room

Skill      XL: |  1  2  3  4 |
---------------+-------------+-----
Dodging        | 2 |  2.6
Long Blades    | 4 |  4.0
Fighting       | |  2.5
Stealth        | |  0.1
Spellcasting   | |  2.5
Conjurations   | |  3.7
Translocations | |  0.1

Action                     |  1- 3 |  4- 6 || total
---------------------------+-------+-------++-------
  Melee: Falchion          |   127 |    14 ||   141
         Tailslap          |    12 |     2 ||    14
   Cast: Momentum Strike   |     7 |     3 ||    10
         Hailstorm         |       |     1 ||     1
    Use: Scroll            |     5 |     1 ||     6
         Potion            |       |     7 ||     7
   Stab: Sleeping          |     1 |       ||     1
 Armour: Skin              |    72 |    10 ||    82
  Dodge: Dodged            |    93 |    18 ||   111
